 Dungeon Crawl Stone Soup version 0.22-a0-3-g4fa69d9 (webtiles) character file.

240659 SpeedyPerson7 the Champion of Chaos (level 18, -13/168 HPs)
             Began as a Deep Dwarf Fighter on Jan 1, 2018.
             Was the Champion of Makhleb.
             Mangled by a stone giant (illusionary) (22 damage)
             ... on level 2 of the Vaults.
             The game lasted 00:42:28 (25542 turns).

SpeedyPerson7 the Champion of Chaos (DDFi)         Turns: 25542, Time: 00:42:29

Health: -13/168    AC: 26    Str: 27    XL:     18   Next: 62%
Magic:  5/5        EV: 13    Int: 10    God:    Makhleb [******]
Gold:   921        SH:  0    Dex: 15    Spells: 17/17 levels left

rFire    + . .     SeeInvis .   V - +8 battleaxe (vamp) {!w}
rCold    + . .     Gourm    .   (shield currently unavailable)
rNeg     + . .     Faith    .   R - +1 plate armour of Xedghudutt {rCorr Dex+3}
rPois    +         Spirit   .   C - +2 helmet
rElec    .         Reflect  .   p - scarf {rC+ rF+}
rCorr    +         Harm     .   (no gloves)
MR       ++...                  L - +2 pair of boots
Stlth    ..........             (no amulet)
HPRegen  0.00/turn              P - ring of poison resistance
MPRegen  0.09/turn              q - ring of Shadows {Umbra +Inv Stlth+}

@: about to teleport, non-regenerating, wreathed by umbra
A: damage resistance, heal wounds, negative energy resistance 1, sense
surroundings 3, no regeneration
}: 2/15 runes: decaying, serpentine
a: Heal Wounds, Minor Destruction, Lesser Servant of Makhleb, Major Destruction,
Greater Servant of Makhleb, Renounce Religion, Evoke Invisibility


You were on level 2 of the Vaults.
You worshipped Makhleb.
Makhleb was exalted by your worship.
You were not hungry.

You visited 6 branches of the dungeon, and saw 31 of its levels.
You also visited: Labyrinth and Ice Cave.

You collected 2192 gold pieces.
You spent 1271 gold pieces at shops.

Inventory:

Hand Weapons
 a - a +0 broad axe
 V - a +8 vampiric battleaxe (weapon) {!w}
Missiles
 v - 5 throwing nets (quivered) {!f}
Armour
 p - a scarf of resistance (worn)
 C - a +2 helmet (worn)
 L - a +2 pair of boots (worn)
 R - the +1 plate armour of Xedghudutt (worn) {rCorr Dex+3}
   (You found it on level 5 of the Lair of Beasts)

   It affects your dexterity (+3).
   It protects you from acid and corrosion.
Jewellery
 q - the ring of Shadows (right hand) {Umbra +Inv Stlth+}
   (You found it on level 3 of the Lair of Beasts)

   [ring of stealth]

   It lets you turn invisible.
   It makes you more stealthy.
 z - the ring "Dinup" {rC+ Str+9}
   (You found it on level 1 of the Snake Pit)

   [ring of protection from cold]

   It affects your strength (+9).
   It protects you from cold.
 F - an uncursed ring of protection from fire
 P - a ring of poison resistance (left hand)
 Z - a +2 ring of strength
Wands
 g - a wand of acid (13)
 y - a wand of scattershot (7)
 A - a wand of flame (51)
 H - a wand of enslavement (52)
 J - a wand of paralysis (39)
 M - a wand of clouds (8)
 O - a wand of disintegration (18)
 T - a wand of polymorph (11)
Scrolls
 b - a scroll of vulnerability {!r}
 i - 6 scrolls of identify
 n - 7 scrolls of magic mapping
 o - 6 scrolls of fog
 r - 18 scrolls of remove curse
 s - a scroll of summoning {!r}
 t - 8 scrolls of teleportation
 u - a scroll of holy word
 x - a scroll of blinking
 B - 5 scrolls of enchant armour
 Y - 4 scrolls of amnesia
Potions
 c - 9 potions of curing
 d - 5 potions of might
 f - 7 potions of haste
 h - 9 potions of heal wounds
 k - 8 potions of flight
 l - a potion of cancellation
 m - 6 potions of agility
 D - 4 potions of brilliance
 E - a potion of resistance
 G - 8 potions of lignification {!q}
 N - 4 potions of ambrosia
 Q - 3 potions of magic
 U - 5 potions of berserk rage
 X - 5 potions of mutation {!q}
Comestibles
 e - 37 rations
 j - 33 chunks of flesh


   Skills:
 + Level 12.2 Fighting
 * Level 18.7 Axes
 + Level 16.5 Armour
 + Level 9.4 Dodging
   Level 11.7 Shields
 * Level 20.8 Invocations


You had 17 spell levels left.
You didn't know any spells.

Dungeon Overview and Level Annotations

Branches:
Dungeon (15/15)            Temple (1/1) D:4            Lair (5/6) D:10
  Swamp (4/4) Lair:4        Snake (4/4) Lair:2        Slime (0/5) Lair:5
    Orc (0/2) D:9          Vaults (2/5) D:14         Depths (0/5) D:15
  Crypt: Vaults:2-3

Altars:
Ashenzari
Cheibriados
Dithmenos
Elyvilon
Fedhas
Gozag
Hepliaklqana
Kikubaaqudgha
Makhleb
Nemelex Xobeh
Okawaru
Qazlal
Ru
Sif Muna
Trog
Uskayaw
Vehumet
Wu Jian
Xom
Yredelemnul
Zin
The Shining One

Shops:
D:9 ![   Snake:3 }=}   Snake:4 (   Vaults:1 :   Vaults:2 %

Annotations:
D:3 1 runed door, VTCobaltblood's ghost, amateur OpTm


Innate Abilities, Weirdness & Mutations

You are resistant to damage.
You can heal yourself by infusing magical energy.
You resist negative energy. (rN+)
You passively map a large area around you.
You do not regenerate.


Message History

As you read the scroll of teleportation, it crumbles to dust.
You feel strangely unstable.
The vault sentinel blows a loud note on a signal horn!
The stone giant hits you but does no damage.
The stone giant hits you!!
* * * LOW HITPOINT WARNING * * *
Unknown command.
You fail to use your ability.
The vault sentinel hits you but does no damage.
The stone giant hits you!
* * * LOW HITPOINT WARNING * * *
The stone giant hits you!!
* * * LOW HITPOINT WARNING * * *
Your magical essence is drained by the effort!
You feel much better.
The rakshasa weaves an illusion.
The vault sentinel misses you. The stone giant hits you!!
* * * LOW HITPOINT WARNING * * *
The stone giant hits you!!
You die...

....# #...(...#
....# #..())..#
....#
#.......########
....#
#.......'......#
....#
#.......#......#
#####
#####+###......#
#. * #......#
#..###......# ,
#.@CC.....# * *
#Cp######## *
#yy##., #.R**..
* ..# p ### #..
## , ** ,


You could see 3 stone giants, a rakshasa, a vault sentinel and 2 hornets.

Vanquished Creatures
  Saint Roka (Vaults:2)
  Nikola (Snake:1)
  Asterion (Snake:4)
  A storm dragon (D:15)
  A thorn hunter (Swamp:4)
  8 nagarajas
  A deep elf sorcerer (Vaults:2)
  Louise (Swamp:1)
  A vault warden (Vaults:1)
  A very ugly thing (Vaults:1)
  3 ironheart preservers (Vaults:1)
  2 stone giants
  An entropy weaver (Vaults:1)
  A deep elf death mage (Vaults:2)
  An ogre mage (Vaults:2)
  3 yaktaur captains
  3 fire dragons
  3 vault guards (D:14)
  18 hydras
  2 great orbs of eyes
  2 rakshasas (D:15)
  3 anacondas
  10 naga warriors
  A death knight (D:13)
  An ice dragon (D:15)
  5 centaur warriors
  Erica (D:9)
  2 ghost crabs
  9 two-headed ogres
  10 alligators
  3 death yaks
  A queen ant (Lair:2)
  2 shock serpents
  6 spriggans
  2 deep troll earth magi (Vaults:1)
  15 naga sharpshooters
  3 salamander mystics
  2 unseen horrors
  2 deep trolls (Vaults:1)
  A glowing orange brain (D:15)
  A wizard (D:14)
  9 naga ritualists
  4 spriggan druids
  A tengu zombie (Vaults:2)
  11 swamp dragons
  2 deep elf archers (Vaults:2)
  A death drake (shapeshifter) (D:15)
  3 necromancers
  2 orc knights (Vaults:1)
  A fire giant zombie (Vaults:2)
  4 harpies (Vaults:2)
  6 ironbrand convokers
  2 shambling mangroves (Swamp:4)
  7 mana vipers
  2 deep elf magi
  An orc sorcerer (Vaults:2)
  8 ugly things
  2 wolf spiders
  A mana viper (shapeshifter) (D:15)
  A cyclops (D:14)
  13 salamanders
  A manticore (D:14)
  23 black mambas
  25 naga magi
  5 guardian serpents
  17 spiny frogs
  3 centaur skeletons
  A gargoyle (D:7)
  A torpor snail (Lair:3)
  6 vault sentinels (Vaults:1)
  A kobold demonologist (D:15)
  10 komodo dragons
  12 yaktaurs
  2 freezing wraiths
  A yaktaur (shapeshifter) (Vaults:1)
  An efreet (D:13)
  2 anaconda simulacra (Lair:3)
  A tengu conjurer (D:14)
  A merfolk (D:10)
  A polar bear (IceCv)
  9 tyrant leeches
  3 trolls
  A tengu simulacrum (Vaults:2)
  9 blink frogs (Lair:2)
  12 hornets
  42 slime creatures
  13 bog bodies
  9 dream sheep
  16 hippogriffs
  3 human simulacra (Vaults:2)
  2 centaur simulacra (D:15)
  A redback (Vaults:1)
  2 vampires
  5 shadows
  19 humans (D:14)
  24 yaks
  A spriggan (shapeshifter) (Vaults:2)
  A wraith (D:13)
  5 wyverns
  A yak (shapeshifter) (Vaults:2)
  2 humans (shapeshifter)
  3 hungry ghosts
  2 basilisks
  A yaktaur simulacrum (Vaults:2)
  22 vampire mosquitoes
  4 insubstantial wisps (Swamp:1)
  10 swamp worms
  Edmund (D:4)
  Menkaure (D:4)
  42 nagas
  9 soldier ants
  A warg (Vaults:1)
  7 water moccasins
  11 porcupines
  13 swamp drakes
  Purgy (D:4)
  A black bear (D:7)
  An eye of draining (D:14)
  9 ice beasts
  9 orc warriors
  A necrophage (D:5)
  8 ogres
  A sky beast (D:14)
  A phantom (D:9)
  7 boggarts
  17 centaurs
  5 wolves
  An elf skeleton (Vaults:2)
  18 crocodiles
  5 big kobolds
  Blork the orc (D:4)
  9 bullfrogs
  A glowing shapeshifter simulacrum (Vaults:1)
  2 spiny frog simulacra (Lair:3)
  A scorpion (D:4)
  A water moccasin skeleton (D:8)
  A killer bee (shapeshifter) (D:15)
  11 killer bees
  2 bullfrog zombies
  A centaur zombie (D:7)
  16 crimson imps
  2 quasits
  5 hounds
  3 jellies
  A bullfrog skeleton (D:5)
  6 orc priests
  7 orc wizards
  2 iguanas
  18 worker ants
  A killer bee zombie (D:8)
  A basilisk simulacrum (Lair:3)
  A hound zombie (D:6)
  A howler monkey zombie (D:9)
  2 gnolls (D:7)
  12 adders
  A howler monkey skeleton (D:8)
  A river rat (D:10)
  5 shadow imps
  4 oozes
  An adder zombie (D:7)
  A worm (D:2)
  2 dart slugs (D:2)
  4 leopard geckos
  36 orcs
  9 bats
  2 giant cockroaches
  8 goblins
  11 hobgoblins
  15 jackals
  29 kobolds
  4 quokkas
  A ball python (D:3)
  3 frilled lizards
  A quokka skeleton (D:9)
  3 rats
  3 plants
975 creatures vanquished.

Vanquished Creatures (collateral kills)
  A sphinx (D:15)
  2 nagarajas (Snake:4)
  Aizul (Snake:3)
  Snorg (Lair:4)
  Erolcha (D:9)
  A minotaur (Lab)
  6 naga warriors
  5 hydras
  2 centaur warriors
  3 anacondas
  A two-headed ogre (D:13)
  A death yak (D:10)
  A shock serpent (Snake:1)
  A swamp dragon (Swamp:1)
  A naga ritualist (Snake:3)
  A phantasmal warrior (D:15)
  A mana viper (Snake:3)
  An ugly thing (D:13)
  An orc knight (D:15)
  A manticore (D:13)
  A salamander (Snake:3)
  7 black mambas
  4 naga magi (Snake:4)
  2 centaur skeletons
  A komodo dragon (Lair:5)
  5 polar bears (IceCv)
  A bog body (Swamp:3)
  5 blink frogs (Lair:4)
  A hippogriff (D:13)
  2 slime creatures (Swamp:3)
  2 dream sheep (Lair:5)
  A yak (IceCv)
  A shadow (D:13)
  A wyvern (D:15)
  A soldier ant (D:13)
  An insubstantial wisp (Swamp:1)
  A swamp worm (Swamp:3)
  7 nagas
  2 porcupines
  2 ice beasts
  An orc warrior (D:9)
  A sky beast (D:9)
  A crocodile (Lair:3)
  2 bullfrogs
  A crimson imp (D:13)
  2 hounds (D:9)
  An orc priest (D:13)
  A hell rat (D:13)
  2 orcs
93 creatures vanquished.

Vanquished Creatures (others)
  An alligator (Swamp:4)
  3 naga sharpshooters
  A black mamba (Snake:1)
  A spiny frog (Swamp:2)
  A naga (Snake:2)
  A swamp drake (Swamp:2)
  A boggart (D:14)
  3 butterflies (Lair:5)
  5 fungi
  3 plants
20 creatures vanquished.

Grand Total: 1088 creatures vanquished

Notes
Turn   | Place    | Note
-------+----------+-------------------------------------------
     0 | D:1      | SpeedyPerson7 the Deep Dwarf Fighter began the quest for the Orb.
     0 | D:1      | Reached XP level 1. HP: 20/20 MP: 1/1
   453 | D:1      | Reached XP level 2. HP: 25/27 MP: 2/2
   894 | D:2      | Reached XP level 3. HP: 31/33 MP: 3/3
  1033 | D:2      | Reached XP level 4. HP: 37/42 MP: 4/4
  1925 | D:3      | Noticed VTCobaltblood's ghost (amateur OpTm)
  2287 | D:3      | Found a runed door.
  2383 | D:4      | Noticed Purgy
  2389 | D:4      | Noticed Menkaure
  2389 | D:4      | Killed Purgy
  2389 | D:4      | Reached XP level 5. HP: 47/49 MP: 5/5
  2408 | D:4      | Killed Menkaure
  2408 | D:4      | Reached skill level 5 in Axes
  2408 | D:4      | Reached XP level 6. HP: 28/57 MP: 6/6
  2418 | D:4      | Noticed Edmund
  2445 | D:4      | Killed Edmund
  2516 | D:4      | Found a staircase to the Ecumenical Temple.
  2551 | Temple   | Entered the Ecumenical Temple
  2697 | Temple   | Became a worshipper of Makhleb the Destroyer
  2912 | D:4      | Reached XP level 7. HP: 36/64 MP: 7/7
  2996 | D:4      | Noticed Blork the orc
  3002 | D:4      | Killed Blork the orc
  3002 | D:4      | Reached skill level 5 in Armour
  3002 | D:4      | Reached skill level 5 in Shields
  3002 | D:4      | Reached skill level 1 in Invocations
  3187 | D:5      | Entered Level 5 of the Dungeon
  3280 | D:5      | Reached skill level 2 in Invocations
  3397 | D:5      | Reached skill level 3 in Invocations
  3439 | D:5      | Reached XP level 8. HP: 50/73 MP: 9/9
  3715 | D:6      | Reached * piety under Makhleb
  3722 | D:6      | Reached skill level 4 in Invocations
  3724 | D:6      | Found a shadowy altar of Dithmenos.
  3943 | D:6      | Found a shimmering altar of Xom.
  4273 | D:6      | Reached skill level 5 in Invocations
  4371 | D:7      | Noticed a hippogriff
  4385 | D:7      | Noticed a gargoyle
  4386 | D:7      | Killed a hippogriff
  4386 | D:7      | Reached skill level 5 in Fighting
  4417 | D:7      | Killed a gargoyle
  4417 | D:7      | Reached skill level 6 in Invocations
  4417 | D:7      | Gained mutation: You passively map the area around you. [Deep Dwarf growth]
  4417 | D:7      | Reached XP level 9. HP: 68/81 MP: 10/10
  4608 | D:7      | Reached ** piety under Makhleb
  5082 | D:8      | Found a hide-covered altar of Uskayaw.
  5082 | D:8      | Noticed a two-headed ogre
  5086 | D:8      | Reached skill level 7 in Invocations
  5100 | D:8      | Killed a two-headed ogre
  5177 | D:8      | Found a snail-covered altar of Cheibriados.
  5178 | D:8      | Found a hazy altar of Hepliaklqana.
  5180 | D:8      | Found a bloodstained altar of Trog.
  5328 | D:8      | Reached skill level 8 in Invocations
  5925 | D:9      | Reached *** piety under Makhleb
  5940 | D:9      | Reached XP level 10. HP: 91/91 MP: 12/12
  5973 | D:9      | Found a glowing golden altar of the Shining One.
  5973 | D:9      | Noticed Erica
  5992 | D:9      | Killed Erica
  6045 | D:9      | Reached skill level 9 in Invocations
  6121 | D:9      | Found a staircase to the Orcish Mines.
  6148 | D:9      | Found Ynyixan's Armour Shop.
  6202 | D:9      | Noticed a two-headed ogre
  6216 | D:9      | Killed a two-headed ogre
  6296 | D:9      | Reached skill level 10 in Axes
  6380 | D:9      | Noticed Erolcha
  6388 | D:9      | Killed Erolcha
  6388 | D:9      | Reached skill level 10 in Invocations
  6399 | D:9      | Found Kowu Modoz's Distillery.
  6409 | D:9      | Bought 2 potions of agility for 96 gold pieces
  6409 | D:9      | Bought a potion of cancellation for 96 gold pieces
  6409 | D:9      | Bought a potion of heal wounds for 60 gold pieces
  6409 | D:9      | Bought a potion of heal wounds for 60 gold pieces
  6409 | D:9      | Bought a potion of berserk rage for 60 gold pieces
  6409 | D:9      | Bought a potion of curing for 36 gold pieces
  6544 | D:10     | Entered Level 10 of the Dungeon
  6782 | D:10     | Noticed a death yak
  6788 | D:10     | Noticed a death yak
  6789 | D:10     | Noticed a death yak
  6816 | D:10     | Killed a death yak
  6816 | D:10     | Reached XP level 11. HP: 25/99 MP: 13/13
  6902 | D:10     | Killed a death yak
  6924 | D:10     | Killed a death yak
  6984 | D:10     | Found a staircase to the Lair.
  7454 | D:11     | Reached skill level 11 in Invocations
  7949 | D:11     | Found a frozen archway.
  7986 | IceCv    | Entered an ice cave
  8006 | IceCv    | Reached **** piety under Makhleb
  8447 | Lair:1   | Entered Level 1 of the Lair of Beasts
  8790 | Lair:1   | Reached skill level 12 in Invocations
  8805 | Lair:1   | Reached skill level 1 in Dodging
  8996 | Lair:1   | Found a bloodstained altar of Trog.
  9321 | Lair:2   | Reached XP level 12. HP: 90/109 MP: 9/9
  9353 | Lair:2   | Found a staircase to the Snake Pit.
 10000 | Lair:3   | Found a labyrinth entrance.
 10005 | Lab      | Entered a labyrinth
 10043 | Lab      | Found an exit through the horrors of the Abyss.
 10189 | Lab      | Noticed a minotaur
 10200 | Lab      | Killed a minotaur
 10207 | Lab      | Identified the Almanac of Intoxication and Enhancements
 10301 | Lair:3   | Noticed a six-headed hydra
 10304 | Lair:3   | Reached skill level 13 in Invocations
 10327 | Lair:3   | Killed an eight-headed hydra
 10432 | Lair:3   | Found the ring of Shadows {Umbra +Inv Stlth+}
 10627 | Lair:3   | Found a transporter.
 10643 | Lair:3   | Noticed a four-headed hydra
 10658 | Lair:3   | Killed a nine-headed hydra
 10920 | Lair:3   | Found a transporter.
 11157 | Lair:4   | Found a staircase to the Swamp.
 11201 | Lair:4   | Reached XP level 13. HP: 97/117 MP: 11/11
 11235 | Lair:4   | Reached skill level 10 in Armour
 11270 | Lair:4   | Reached skill level 10 in Shields
 11470 | Lair:4   | Noticed Snorg
 11478 | Lair:4   | Killed Snorg
 11478 | Lair:4   | Reached skill level 14 in Invocations
 11980 | Lair:5   | Got a smoking plate armour
 11991 | Lair:5   | Identified the +1 plate armour of Xedghudutt {rCorr Dex+3} (You found it on level 5 of the Lair of Beasts)
 12091 | Lair:5   | Reached skill level 5 in Dodging
 12215 | Lair:5   | Found the +2 Maxwell's thermic engine {flame, freeze, rF- rC-}
 12404 | Lair:5   | Found a staircase to the Slime Pits.
 12993 | D:12     | Found a glowing golden altar of the Shining One.
 13964 | D:13     | Reached skill level 15 in Invocations
 14593 | D:14     | Gained mutation: You resist negative energy. (rN+) [Deep Dwarf growth]
 14593 | D:14     | Reached XP level 14. HP: 129/129 MP: 9/9
 14730 | D:14     | Reached ***** piety under Makhleb
 14867 | D:14     | Found a gate to the Vaults.
 15066 | D:15     | Entered Level 15 of the Dungeon
 15515 | D:15     | Noticed a storm dragon
 15522 | D:15     | Killed a storm dragon
 15527 | D:15     | Found an iron altar of Okawaru.
 15529 | D:15     | Found a bloodstained altar of Trog.
 15534 | D:15     | Noticed a sphinx
 15542 | D:15     | Killed a sphinx
 15542 | D:15     | Reached skill level 16 in Invocations
 15765 | D:15     | Found a staircase to the Depths.
 16135 | Snake:1  | Entered Level 1 of the Snake Pit
 16155 | Snake:1  | Reached XP level 15. HP: 138/138 MP: 0/8
 16246 | Snake:1  | Reached skill level 15 in Axes
 16355 | Snake:1  | Got a pitted turquoise ring
 16357 | Snake:1  | Identified the ring "Dinup" {rC+ Str+9} (You found it on level 1 of the Snake Pit)
 16406 | Snake:1  | Noticed Nikola
 16430 | Snake:1  | Killed Nikola
 16713 | Snake:1  | Found a snail-covered altar of Cheibriados.
 16951 | Snake:2  | Noticed a nagaraja
 16989 | Snake:2  | Killed a nagaraja
 17060 | Snake:2  | Reached skill level 10 in Fighting
 17769 | Snake:3  | Reached skill level 17 in Invocations
 17812 | Snake:3  | Noticed a nagaraja
 17826 | Snake:3  | Killed a nagaraja
 18036 | Snake:3  | Found Jumiav's Gadget Boutique.
 18036 | Snake:3  | Found Gyihof's Jewellery Shoppe.
 18037 | Snake:3  | Found Foefec's Gadget Boutique.
 18043 | Snake:3  | Bought a wand of acid (13) for 578 gold pieces
 18089 | Snake:3  | Noticed a nagaraja
 18096 | Snake:3  | Killed a nagaraja
 18097 | Snake:3  | Noticed Aizul
 18131 | Snake:3  | Killed Aizul
 18239 | Snake:3  | Reached XP level 16. HP: 127/147 MP: 0/5
 18499 | Snake:4  | Entered Level 4 of the Snake Pit
 18499 | Snake:4  | Found Hien's Antique Weapon Shop.
 18528 | Snake:4  | Bought a glowing battleaxe for 285 gold pieces
 18953 | Snake:4  | Reached skill level 18 in Invocations
 19166 | Snake:4  | Noticed Asterion
 19184 | Snake:4  | Killed Asterion
 19718 | Snake:4  | Got a serpentine rune of Zot
 19993 | Swamp:1  | Entered Level 1 of the Swamp
 20259 | Swamp:1  | Noticed Louise
 20297 | Swamp:1  | Killed Louise
 20297 | Swamp:1  | Reached XP level 17. HP: 145/157 MP: 5/5
 20823 | Swamp:2  | Reached skill level 19 in Invocations
 20869 | Swamp:2  | Reached skill level 15 in Armour
 22106 | Swamp:3  | Noticed a tentacled monstrosity
 22141 | Swamp:4  | Entered Level 4 of the Swamp
 22215 | Swamp:4  | Paralysed by a hornet for 1 turns
 22339 | Swamp:4  | Reached ****** piety under Makhleb
 22834 | Swamp:4  | Paralysed by a hornet for 2 turns
 23029 | Swamp:4  | Got a decaying rune of Zot
 23675 | Vaults:1 | Entered Level 1 of the Vaults
 23756 | Vaults:1 | Reached skill level 20 in Invocations
 23915 | Vaults:1 | Gained mutation: You passively map a large area around you. [Deep Dwarf growth]
 23915 | Vaults:1 | Reached XP level 18. HP: 166/166 MP: 7/7
 24031 | Vaults:1 | Found Wely's Book Shop.
 24965 | Vaults:2 | Found Suwneeb's Food Emporium.
 25367 | Vaults:2 | Noticed Saint Roka
 25401 | Vaults:2 | Killed Saint Roka
 25541 | Vaults:2 | HP: 7/168 [stone giant (illusionary) (18)]
 25542 | Vaults:2 | Mangled by a stone giant (illusionary)

Vault maps used:
D:1:      dpeg_arrival_lava_temple_mockup, feat_on_display
D:3:      uniq_crazy_yiuf_cottage
D:4:      minmay_temple_entry_overgrown, first_ration, uniq_blork_the_orc,
          uniq_menkaure, uniq_edmund, uniq_purgy
D:5:      serial_shops, nicolae_shop_behind_doors
D:6:      xom_butterflies, grunt_dithmenos_smoke_and_mirrors
D:7:      minivault_22
D:8:      grunt_temple_overflow_open
D:9:      overflow_temple_1_default, orc_david_3, serial_shops, shop,
          uniq_erolcha, uniq_erica
D:10:     dpeg_lair_monsters, hangedman_fish_farm
D:11:     portal_ice_cave_entry_ice_beasts
D:12:     tso_metal_star
D:14:     grunt_vaults_entry_tiered, grunt_decor_fettered
D:15:     gammafunk_enter_depths_forms, minivault_19, serial_shops, shop,
          jmf_multi_god_temple
Temple:   nicolae_temple_elliptical
Lair:1:   basic_altar, minivault_23
Lair:2:   minmay_snake_entry_spellcaster, minmay_another_anthill
Lair:3:   gammafunk_cloud_chamber, lab_entry_generic
Lair:4:   swamp_mist_pool, beast_lair_carwin_1, uniq_snorg
Lair:5:   nicolae_slime_entry_slimehenge, eino_small_chamber_without_monster,
          beast_lair_carwin_8, lemuel_fruit_fields, lemuel_fruit_fields
Swamp:1:  hangedman_swamp_ruin_wall, uniq_louise
Swamp:2:  hangedman_swamp_ruin_hall
Swamp:3:  cheibrodos_swamp_monstrosity, evilmike_swamp_ruin_house_3
Swamp:4:  swamp_basic_johnstein, infiniplex_staircase_pool_2
Snake:1:  basic_altar, serial_bayou_shore_b, uniq_nikola
Snake:3:  statue_in_the_mist_lemuel, minmay_shop_grove, basic_stair_grate_trap,
          uniq_aizul
Snake:4:  snake_pit, serial_shops, shop, grunt_ministairs_12, spider_trap,
          uniq_asterion
Vaults:1: v_misc_3, v_misc_31, nicolae_vaults_halls_meeting,
          nicolae_vaults_rhombus_5, vaults_room_hallway,
          ontoclasm_vaults_decontamination, vaults_dpeg_cross,
          hangedman_vaults_slice, serial_shops, nicolae_shop_stone
Vaults:2: vaults_room_fancy_cross, nicolae_vaults_little_squares_4,
          nicolae_vaults_little_squares_1, v_misc_2, v_misc_16,
          vaults_mumra_minichess_inversion, ontoclasm_vaults_loading_screen,
          v_misc_27, vaults_room_pools, serial_shops, shop, uniq_saint_roka
Lab:      labyrinth_hidden_loot, labyrinth_lava_lair, nicolae_lab_plus,
          labyrinth_skeletal_remains, labyrinth_fake_exit
IceCv:    ice_cave_small_giant

Skill      XL: |  1  2  3  4  5  6  7  8  9 10 11 12 13 14 15 16 17 18 |
---------------+-------------------------------------------------------+-----
Axes           | 3 4 5 6 7 9 10 11 12 14 15 17 18 | 18.7
Fighting       | 3 4 5 6 7 8 9 10 11 12 | 12.2
Armour         | 4 5 6 7 8 9 10 12 13 14 16 | 16.5
Shields        | 4 5 6 7 8 9 10 11 | 11.7
Invocations    | 3 6 8 10 12 13 15 16 17 18 20 | 20.8
Dodging        | 1 4 6 7 8 9 |  9.4

Action                   |  1- 3 |  4- 6 |  7- 9 | 10-12 | 13-15 | 16-18 || total
-------------------------+-------+-------+-------+-------+-------+-------++-------
Melee: War axe           |    76 |   201 |   289 |       |       |       ||   566
       Broad axe         |       |       |   245 |   872 |   253 |       ||  1370
       Battleaxe         |       |       |       |       |  1022 |  1785 ||  2807
Invok: Lesser Servant of |       |       |       |    15 |    25 |    11 ||    51
       Greater Servant o |       |       |       |       |     4 |     6 ||    10
 Abil: Heal Wounds       |       |     5 |    18 |    30 |    36 |    24 ||   113
Evoke: Wand              |       |       |       |       |    10 |     4 ||    14
  Use: Scroll            |       |       |       |    16 |    13 |    16 ||    45
       Potion            |       |       |       |     3 |     3 |     3 ||     9
 Stab: Distracted        |       |       |       |     6 |     6 |     3 ||    15
       Confused          |       |       |       |       |       |     2 ||     2
  Eat: Chunk             |       |     7 |    11 |    20 |    18 |    18 ||    74
       Ration            |       |       |       |     1 |     5 |     4 ||    10
Armor: Scale mail        |    26 |    44 |       |       |       |       ||    70
       Chain mail        |       |    63 |   393 |   238 |       |       ||   694
       Plate armour      |       |       |       |   339 |  1308 |  2189 ||  3836
Dodge: Dodged            |    16 |    63 |   150 |   327 |  1046 |  2190 ||  3792
Block: Shield            |    44 |   134 |   365 |   656 |   241 |       ||  1440

Table legend:
 A = Spawn XP
 B = Non-spawn XP
 C = Spawn XP percentage of total XP
 D = Spawn monster count
 E = Non-spawn monster count
 F = Spawn count percentage of total count
 G = Total turns spent on level
                    A         B        C        D         E        F      G
               +---------+---------+-------+---------+---------+-------+---------
         Total |       0 |  344148 |   0.0 |       0 |    1072 |   0.0 | 25542
               +---------+---------+-------+---------+---------+-------+---------
           D:1 |       0 |      21 |   0.0 |       0 |      12 |   0.0 |   864
           D:2 |       0 |     110 |   0.0 |       0 |      32 |   0.0 |   719
           D:3 |       0 |      56 |   0.0 |       0 |      17 |   0.0 |   800
           D:4 |       0 |     734 |   0.0 |       0 |      13 |   0.0 |   637
           D:5 |       0 |     522 |   0.0 |       0 |      16 |   0.0 |   286
           D:6 |       0 |     637 |   0.0 |       0 |      21 |   0.0 |   853
           D:7 |       0 |    1301 |   0.0 |       0 |      24 |   0.0 |   609
           D:8 |       0 |    1938 |   0.0 |       0 |      33 |   0.0 |   986
           D:9 |       0 |    4383 |   0.0 |       0 |      32 |   0.0 |   746
          D:10 |       0 |    3690 |   0.0 |       0 |      18 |   0.0 |  1058
          D:11 |       0 |    2707 |   0.0 |       0 |      30 |   0.0 |   807
          D:12 |       0 |    3748 |   0.0 |       0 |      13 |   0.0 |   831
          D:13 |       0 |    5806 |   0.0 |       0 |      30 |   0.0 |   779
          D:14 |       0 |   18216 |   0.0 |       0 |      58 |   0.0 |   897
          D:15 |       0 |   21737 |   0.0 |       0 |      51 |   0.0 |   614
        Lair:1 |       0 |    2698 |   0.0 |       0 |      14 |   0.0 |   760
        Lair:2 |       0 |    7113 |   0.0 |       0 |      41 |   0.0 |  1065
        Lair:3 |       0 |    7771 |   0.0 |       0 |      34 |   0.0 |  1026
        Lair:4 |       0 |    8843 |   0.0 |       0 |      38 |   0.0 |   913
        Lair:5 |       0 |    7369 |   0.0 |       0 |      36 |   0.0 |   910
       Swamp:1 |       0 |   11959 |   0.0 |       0 |      34 |   0.0 |   828
       Swamp:2 |       0 |   13102 |   0.0 |       0 |      38 |   0.0 |   770
       Swamp:3 |       0 |   14867 |   0.0 |       0 |      41 |   0.0 |   664
       Swamp:4 |       0 |   31079 |   0.0 |       0 |      68 |   0.0 |   898
       Snake:1 |       0 |   13434 |   0.0 |       0 |      27 |   0.0 |   745
       Snake:2 |       0 |   16067 |   0.0 |       0 |      30 |   0.0 |   918
       Snake:3 |       0 |   23181 |   0.0 |       0 |      48 |   0.0 |   761
       Snake:4 |       0 |   54500 |   0.0 |       0 |      98 |   0.0 |  1335
      Vaults:1 |       0 |   35667 |   0.0 |       0 |      68 |   0.0 |  1290
      Vaults:2 |       0 |   27551 |   0.0 |       0 |      43 |   0.0 |   577
           Lab |       0 |    1012 |   0.0 |       0 |       2 |   0.0 |   218
         IceCv |       0 |    2329 |   0.0 |       0 |      12 |   0.0 |   211
               +---------+---------+-------+---------+---------+-------+---------
